 Dungeon Crawl Stone Soup version 0.29-a0-11-ga75d3d97ab (webtiles) character file.

Game seed: 4729355450237034138

48 dohliylev the Chopper (level 3, 0/33 HPs)
             Began as a Minotaur Berserker on Jan 28, 2022.
             Was a Follower of Trog.
             Slain by a rat (2 damage)
             ... on level 2 of the Dungeon.
             The game lasted 00:01:52 (1106 turns).

dohliylev the Chopper (Minotaur Berserker)          Turns: 1106, Time: 00:01:53

Health: 0/33       AC:  6    Str: 23    XL:     3   Next: 50%
Magic:  2/2        EV: 11    Int:  4    God:    Trog [*.....]
Gold:   46         SH:  0    Dex:  9    Spells: 2/2 levels left

rFire   . . .      SeeInvis .   a - +0 hand axe
rCold   . . .      Faith    .   (no shield)
rNeg    . . .      Spirit   .   d - +0 ring mail
rPois   .          Reflect  .   (helmet restricted)
rElec   .          Harm     .   (no cloak)
rCorr   .          Rampage  .   f - +0 pair of gloves
Will    .....                   (no boots)
Stlth   ..........              (no amulet)
HPRegen 0.11/turn               (no ring)
MPRegen 0.08/turn               (no ring)

@: on berserk cooldown, slowed, very slow
A: horns 2, retaliatory headbutt
a: Renounce Religion, Berserk


You were on level 2 of the Dungeon.
You worshipped Trog.
Trog was aware of your devotion.
You visited 1 branch of the dungeon, and saw 2 of its levels.

You collected 46 gold pieces.

Inventory:

Hand Weapons
 a - a +0 hand axe (weapon)
Armour
 d - a +0 ring mail (worn)
 f - a +0 pair of gloves (worn)
Scrolls
 c - a scroll of enchant armour {unknown}
Potions
 b - 3 potions of curing {unknown}
 e - a potion of haste {unknown}


   Skills:
 + Level 4.2 Fighting
 + Level 4.6 Axes
 + Level 2.9 Armour
 + Level 2.3 Dodging


You had 2 spell levels left.
You didn't know any spells.
Your spell library was empty.

Dungeon Overview and Level Annotations

Branches:
Dungeon (2/15)

Altars:


Innate Abilities, Weirdness & Mutations

You have a pair of horns on your head.
You reflexively headbutt those who attack you in melee.


Message History

Trog accepts your kill.
The jackal barely misses you. x2; The jackal bites you.
There is a stone staircase leading up here.
You see here a jackal corpse.
You barely miss the jackal. You closely miss the jackal.
The jackal barely misses you. You furiously retaliate!
You headbutt the jackal.
You kill the jackal!
Trog accepts your kill. The jackal barely misses you. You furiously retaliate!
You headbutt the jackal!
You kill the jackal!
Trog accepts your kill. The gnoll closely misses you. You furiously retaliate!
You headbutt the gnoll. You hit the gnoll. You headbutt the gnoll.
The gnoll is almost dead.
The gnoll hits you with a +0 whip.
You hit the gnoll.
The gnoll is moderately wounded.
You barely miss the gnoll. The gnoll barely misses you. The gnoll misses you.
The gnoll hits you but does no damage. The gnoll hits you with a +0 whip.
You closely miss the gnoll.
You headbutt the gnoll, but do no damage.
The gnoll is moderately wounded.
You hit the gnoll.
You kill the gnoll!
Trog accepts your kill. The gnoll barely misses you.
The gnoll completely misses you.
The gnoll hits you from afar with a +0 spear!
Okay, then.
The gnoll hits you with a +0 whip. The gnoll hits you with a +0 whip.
A rat comes into view.
The gnoll hits you from afar with a +0 spear.
* * * LOW HITPOINT WARNING * * *
The gnoll hits you with a +0 whip!
* * * LOW HITPOINT WARNING * * *
The rat bites you but does no damage. The gnoll completely misses you.
The rat barely misses you.
Found a scroll labelled GUDIEL FEDO.
The rat bites you but does no damage. The rat bites you.
You die...

. ........?..# ## ##.. .
#..........####.... ####... ##.
#..........(....... .......
...###.................? .......
........................ .#....
...?.....#............... #..#..
.......#).................##..#..
##..........rg.....##.........
#..<###....g.@..........#....#
#.†.###.....g...............##
#.#.##.........###............
...#..#.#.....#.# ..##....)..
.....#.#.#.....#.# ...##.......
?.........##.#.##.# ............†
...... #.. #.....)#..............
.......#..##..........#.#........
..#..........#...#.#........


You could see 3 gnolls and a rat.

Vanquished Creatures
  A gnoll (D:2)
  A worm (D:2)
  2 dart slugs (D:2)
  2 endoplasms (D:2)
  4 hobgoblins (D:1)
  7 jackals (D:2)
  3 ball pythons
  2 bats
  2 goblins
  2 kobolds (D:2)
  4 rats
30 creatures vanquished.

Notes
Turn   | Place    | Note
-------+----------+-------------------------------------------
     0 | D:1      | dohliylev the Minotaur Berserker began the quest for the
                  | Orb.
     0 | D:1      | Reached XP level 1. HP: 19/19 MP: 0/0
   429 | D:1      | Reached XP level 2. HP: 24/27 MP: 1/1
   804 | D:2      | Found a faded altar of an unknown god.
  1084 | D:2      | Reached XP level 3. HP: 33/33 MP: 2/2
  1106 | D:2      | Slain by a rat

Illustrated notes

Levels and vault maps discovered:
D:1:      dpeg_arrival_rhombus, layout_rooms, chequers_serial_rivers_micro_d
D:2:      layout_rooms, shapermc_ecumenical_altar_mp_highgroup

Skill      XL: |  1  2 |
---------------+-------+-----
Axes           | 4 |  4.6
Fighting       | 4 |  4.2
Armour         | |  2.9
Dodging        | |  2.3

Action                   || total
-------------------------++-------
Melee: Hand axe          ||    51
       Headbutt          ||    11
Invok: Berserk           ||     2
Armor: Ring mail         ||    21
Dodge: Dodged            ||    38

Table legend: (Time is in decaauts)
 A = Elapsed time spent in this place.
 B = Non-inter-level travel time spent in this place.
 C = Inter-level travel time spent in this place.
 D = Time resting spent in this place.
 E = Time spent auto-exploring this place.
 F = Levels seen in this place.
 G = Mean time per level.
                   A        B        C        D        E       F      G
               +--------+--------+--------+--------+--------+-----+--------+
         Total |   1125 |   1067 |     58 |    111 |    750 |   2 |  562.5 |
       Dungeon |   1125 |   1067 |     58 |    111 |    750 |   2 |  562.5 |
               +--------+--------+--------+--------+--------+-----+--------+

Top non-repeatable levels by time:
     D:1: 622 daAuts
     D:2: 503 daAuts
